 Dungeon Crawl Stone Soup version 0.23.0 (webtiles) character file.

Game seed: 6484716706954037464

209 Kairos the Chopper (level 5, -6/28 HPs)
             Began as a Vine Stalker Fighter on Feb 10, 2019.
             Mangled by an orc
             ... wielding a +1 hand axe of electrocution
              (17 damage)
             ... on level 3 of the Dungeon.
             The game lasted 00:03:07 (2265 turns).

Kairos the Chopper (Vine Stalker Fighter)           Turns: 2265, Time: 00:03:09

Health: -6/28      AC: 10    Str: 20    XL:     5   Next: 87%
Magic:  0/6        EV:  7    Int:  8    God:
Gold:   191        SH:  9    Dex: 13    Spells: 4/4 levels left

rFire    . . .     SeeInvis .   r - +0 hand axe (chop)
rCold    . . .     Gourm    .   c - +0 shield
rNeg     . . .     Faith    .   b - +0 scale mail
rPois    .         Spirit   +   n - +0 helmet
rElec    .         Reflect  .   (no cloak)
rCorr    .         Harm     .   (no gloves)
MR       .....                  (no boots)
Stlth    ..........             (no amulet)
HPRegen  0.49/turn              j - +3 ring of protection
MPRegen  0.10/turn              (no ring)

@: no status effects
A: fangs 2, regeneration 1, magic shield, antimagic bite, no potion heal 3, rot
immunity
a: no special abilities


You were on level 3 of the Dungeon.
You were hungry.

You visited 1 branch of the dungeon, and saw 4 of its levels.

You collected 191 gold pieces.

Inventory:

Hand Weapons
 a - a +0 war axe
 r - a +0 hand axe of chopping (weapon)
Armour
 b - a +0 scale mail (worn)
 c - a +0 shield (worn)
 n - a +0 helmet (worn)
Jewellery
 j - a +3 ring of protection (left hand)
Wands
 d - a wand of flame (11)
Scrolls
 e - a scroll of fog {unknown}
 h - a scroll of amnesia {unknown}
 i - a scroll of teleportation {unknown}
 m - a scroll of fear {unknown}
 o - a scroll of enchant weapon {unknown}
 p - a scroll of noise {unknown}
 q - a scroll of remove curse {unknown}
 t - a scroll of immolation {unknown}
Potions
 g - 2 potions of curing {unknown}
 k - a potion of degeneration {unknown}
 l - 3 potions of brilliance {unknown}
 s - a potion of agility {unknown}
Comestibles
 f - 3 rations


   Skills:
 + Level 3.5 Fighting
 + Level 4.0 Axes
 + Level 2.9 Armour
 + Level 0.3 Dodging
 + Level 0.5 Stealth
 + Level 3.2 Shields


You had 4 spell levels left.
You didn't know any spells.
Your spell library was empty.

Dungeon Overview and Level Annotations

Branches:
Dungeon (4/15)
 Temple: D:4-7

Altars:
Elyvilon


Innate Abilities, Weirdness & Mutations

You have extremely sharp teeth.
Your natural rate of healing is unusually fast.
When hurt, damage is shared between your health and your magic reserves.
Your bite disrupts and absorbs the magic of your enemies.
Potions cannot restore your health.
You are immune to rotting.


Message History

There are monsters nearby!
The orc priest calls down the wrath of Beogh upon you.
Beogh smites you!
A giant cockroach comes into view.
The orc hits you with a +1 hand axe of electrocution.
A ball python skeleton comes into view.
The orc priest looks satisfied for a moment.
The orc hits you but does no damage.
There is a stone staircase leading up here.
The giant cockroach bites you but does no damage.
You climb upwards.
There is a stone staircase leading down here.
Your shield and scale mail prevent you from hitting the giant cockroach.
Your bite misses the giant cockroach. You hit the orc but do no damage.
The orc hits you with a +1 hand axe of electrocution.
You are electrocuted!
The giant cockroach bites you but does no damage.
The orc hits you but does no damage.
You are electrocuted!!
Ouch! That really hurt!
You die...

#.....................##########
........######.#####...........#
........# #.#.........#####.#
........# #.#..(......# #.#
........######.#.........# #.#
.....##..................# #.#
.....##.##.....#.........# #.#
....###.##.#####.........# #.#
..### #.##.# #@o.......#####.##
..# #.##.# #s................
..#####.##)# #.........######..
........##.# #####.##### #..
))####.###.# #.# #.# ..# #.# #.#
#.# #.# ..# #.# #.##### #.# #.#
..####.###.....#####.##########.#
......#...........<..............


You could see an orc and a giant cockroach.

Vanquished Creatures
  An orc wizard (D:3)
  Ijyb (D:3)
  5 adders
  3 worms (D:2)
  2 dart slugs (D:3)
  A leopard gecko (D:1)
  9 orcs (D:3)
  7 giant cockroaches
  12 goblins
  14 hobgoblins
  4 jackals (D:3)
  A quokka (D:3)
  A ball python (D:2)
  8 bats
  5 frilled lizards
  5 kobolds
  7 rats
86 creatures vanquished.

Notes
Turn   | Place    | Note
-------+----------+-------------------------------------------
     0 | D:1      | Kairos the Vine Stalker Fighter began the quest for the
                  | Orb.
     0 | D:1      | Reached XP level 1. HP: 11/11 MP: 2/2
   133 | D:1      | Reached XP level 2. HP: 14/16 MP: 3/3
   219 | D:1      | Reached skill level 2 in Axes
   506 | D:2      | Reached XP level 3. HP: 16/20 MP: 4/4
   781 | D:2      | Gained mutation: Your natural rate of healing is unusually
                  | fast. [Vine Stalker growth]
   781 | D:2      | Reached XP level 4. HP: 16/24 MP: 5/5
  1050 | D:2      | Reached skill level 3 in Axes
  1488 | D:3      | Reached XP level 5. HP: 28/28 MP: 6/6
  1745 | D:3      | Noticed Ijyb
  1753 | D:3      | Killed Ijyb
  1970 | D:3      | Found a white marble altar of Elyvilon.
  1975 | D:3      | Reached skill level 4 in Axes
  2265 | D:3      | Mangled by an orc

Skill      XL: |  1  2  3  4  5 |
---------------+----------------+-----
Fighting       | 3 |  3.5
Axes           | 2 3 4 |  4.0
Shields        | 3 |  3.2
Armour         | |  2.9
Dodging        | |  0.3
Stealth        | |  0.5

Action                   |  1- 3 |  4- 6 || total
-------------------------+-------+-------++-------
Melee: War axe           |   100 |   117 ||   217
       Bite              |    25 |    23 ||    48
       Hand axe          |       |     6 ||     6
  Use: Potion            |       |     1 ||     1
  Eat: Chunk             |       |     4 ||     4
Armor: Scale mail        |    53 |    81 ||   134
Dodge: Dodged            |    37 |    35 ||    72
Block: Shield            |    50 |    48 ||    98
